 Dungeon Crawl Stone Soup version 0.30-a0-782-ge64f9170bb (webtiles) character file.

Game seed: 13402550378603253782

199 Barriton the Chiller (level 5, -2/40 HPs)
             Began as a Draconian Ice Elementalist on Mar 14, 2023.
             Slain by a gnoll
             ... wielding a +0 whip
             ... led by a gnoll sergeant
              (9 damage)
             ... on level 3 of the Dungeon on Mar 15, 2023.
             The game lasted 00:05:50 (3434 turns).

Barriton the Chiller (Draconian Ice Elementalist)   Turns: 3434, Time: 00:05:51

Health: -2/40      AC:  5    Str: 17    XL:     5   Next: 48%
Magic:  0/10       EV: 12    Int: 17    God:
Gold:   169        SH:  0    Dex: 11    Spells: 8/10 levels left

rFire   . . .      SeeInvis .    (no weapon)
rCold   + . .      Faith    .    (no shield)
rNeg    . . .      Spirit   .    (body armour unavailable)
rPois   .          Reflect  .    (helmet restricted)
rElec   .          Harm     .    (no cloak)
rCorr   .          Rampage  .    (no gloves)
Will    .....                    (no boots)
Stlth   ++                       (no amulet)
HPRegen 0.26/turn                h - +6 ring of strength
MPRegen 0.12/turn                e - ring of protection from cold

@: no status effects
A: AC +5, unfitting armour, cold-blooded
a: no special abilities


You were on level 3 of the Dungeon.
You visited 1 branch of the dungeon, and saw 3 of its levels.

You collected 169 gold pieces.

Inventory:

Jewellery
 e - a ring of protection from cold (right hand)
 h - a +6 ring of strength (left hand)
 j - a +5 ring of evasion
Scrolls
 d - 4 scrolls of blinking
 g - a scroll of teleportation {unknown}
 k - a scroll of acquirement {unknown}
Potions
 a - a potion of magic
 b - a potion of attraction
 c - a potion of lignification
 f - a potion of resistance
 i - a potion of heal wounds {unknown}


   Skills:
 + Level 1.1 Fighting
 - Level 2.2 Dodging
 - Level 1.9 Stealth
 - Level 0.3 Unarmed Combat
 + Level 3.4 Spellcasting
 * Level 1.8 Conjurations
 * Level 5.0 Ice Magic


You had 8 spell levels left.
You knew the following spells:

 Your Spells              Type           Power      Damage    Failure   Level
a - Freeze                Ice            80%        1d9       1%          1
b - Magic Dart            Conj           36%        1d4       8%          1

Your spell library contained the following spells:

 Spells                   Type           Power      Damage    Failure   Level
 Frozen Ramparts          Ice            40%        1d7       6%          3
 Ozocubu's Armour         Ice            20%        N/A       6%          3
 Call Imp                 Summ           2%         N/A       26%         2
 Stone Arrow              Conj/Erth      12%        3d7       34%         3
 Mephitic Cloud           Conj/Pois/Air  5%         N/A       36%         3
 Ignite Poison            Fire/Tmut/Pois 2%         N/A       45%         3
 Kindle Blastsparks       Fire/Tloc/Air  4%         2d10      45%         3
 Summon Ice Beast         Ice/Summ       11%        N/A       52%         4
 Freezing Cloud           Conj/Ice/Air   5%         6-21      87%         5
 Lehudib's Crystal Spear  Conj/Erth      3%         10d2      100%        8
 Animate Armour           Summ/Erth      Unusable   N/A       N/A         4

Dungeon Overview and Level Annotations

Branches:
Dungeon (3/15)

Altars:


Innate Abilities, Weirdness & Mutations

Your plain brown scales are hard. (AC +5)
You cannot fit into any form of body armour.
You are cold-blooded and may be slowed by cold attacks.


Message History

Press: ? - help, Shift-Dir - straight line, f/p - gnoll sergeant
Aim: a gnoll sergeant, wielding a +0 spear, wearing a +0 scale mail and wearing a +0 buckler (lightly wounded)
You freeze the gnoll sergeant!
The gnoll sergeant is moderately wounded.
A gnoll comes into view. It is wielding a +0 whip.
A gnoll comes into view. It is wielding a +0 flail.
The gnoll sergeant barely misses you.
Casting: Freeze (safe; 2% risk of failure)
Confirm with . or Enter, or press ? or * to list all spells.
Aiming: Freeze (safe; 2% risk of failure)
Press: ? - help, Shift-Dir - straight line, f/p - gnoll sergeant
Aim: a gnoll sergeant, wielding a +0 spear, wearing a +0 scale mail and wearing a +0 buckler (moderately wounded)
You freeze the gnoll sergeant!
The gnoll sergeant is severely wounded.
The gnoll shouts! x2; You hear a shout!
A gnoll comes into view. It is wielding a +0 spear.
The gnoll sergeant hits you with a +0 spear!
* * * LOW HITPOINT WARNING * * *
Casting: Freeze (safe; 2% risk of failure)
Confirm with . or Enter, or press ? or * to list all spells.
Aiming: Freeze (safe; 2% risk of failure)
Press: ? - help, Shift-Dir - straight line, f/p - gnoll sergeant
Aim: a gnoll sergeant, wielding a +0 spear, wearing a +0 scale mail and wearing a +0 buckler (severely wounded)
You freeze the gnoll sergeant.
The gnoll sergeant is almost dead.
A gnoll comes into view. It is wielding a +0 spear.
The gnoll sergeant hits you but does no damage.
Casting: Freeze (safe; 2% risk of failure)
Confirm with . or Enter, or press ? or * to list all spells.
Aiming: Freeze (safe; 2% risk of failure)
Press: ? - help, Shift-Dir - straight line, f/p - gnoll sergeant
Aim: a gnoll sergeant, wielding a +0 spear, wearing a +0 scale mail and wearing a +0 buckler (almost dead)
You freeze the gnoll sergeant.
You kill the gnoll sergeant!
Your Ice Magic skill increases to level 5!
You have reached level 5!
Okay, then.
The gnoll attacks as you move away! The gnoll closely misses you.
The gnoll attacks as you move away! The gnoll hits you with a +0 whip!
You die...

........# #.#
.......# #.#
...#.#### #.#
#.#.# #.# #†#.#
#.# #.#.## #.#
#....## #.#
##....g######.#
#.....ggg@....#
##.....########
##...## ##.##
#.# #.# ..# ##


You could see 4 gnolls.

Vanquished Creatures
  A gnoll sergeant (D:3)
  A hound (D:3)
  3 adders (D:2)
  4 worms (D:2)
  2 dart slugs
  An orc (D:3)
  6 endoplasms
  4 giant cockroaches
  5 goblins
  5 hobgoblins
  12 ball pythons
  4 bats
  4 frilled lizards
  4 kobolds
  9 rats
65 creatures vanquished.

Vanquished Creatures (others)
  6 plants (D:3)
6 creatures vanquished.

Grand Total: 71 creatures vanquished

Notes
Turn   | Place    | Note
-------+----------+-------------------------------------------
     0 | D:1      | Barriton the Draconian Ice Elementalist began the quest for
                  | the Orb.
     0 | D:1      | Reached XP level 1. HP: 14/14 MP: 3/3
   299 | D:1      | Reached XP level 2. HP: 20/20 MP: 0/5
  1196 | D:2      | Reached XP level 3. HP: 27/27 MP: 1/6
  1452 | D:2      | Learned a level 1 spell: Magic Dart
  1905 | D:2      | Reached XP level 4. HP: 34/34 MP: 1/8
  2067 | D:2      | HP: 1/34 [ball python (3)]
  2283 | D:2      | Identified the +1 robe "Hero's Friend" {*Slow rF+ rCorr}
  3130 | D:3      | Reached skill level 1 in Fighting
  3130 | D:3      | Reached skill level 1 in Conjurations
  3415 | D:3      | Noticed a gnoll sergeant
  3432 | D:3      | Killed a gnoll sergeant
  3433 | D:3      | Reached skill level 5 in Ice Magic
  3433 | D:3      | Reached XP level 5. HP: 7/40 MP: 0/10
  3434 | D:3      | Slain by a gnoll

Illustrated notes

Levels and vault maps discovered:
D:1:      dpeg_arrival_ratfight, layout_basic
D:2:      layout_loops_ring, kennysheep_minor_cross, minmay_increasing_density
D:3:      layout_loops_ring, dilly_ecumenical_altar_fadedgnrine

Skill      XL: |  1  2  3  4 |
---------------+-------------+-----
Dodging        | 2 |  2.2
Spellcasting   | 3 |  3.4
Fighting       | 1 |  1.1
Conjurations   | 1 |  1.8
Ice Magic      | 5 |  5.0
Stealth        | |  1.9
Unarmed Combat | |  0.3

Action                     |  1- 3 |  4- 6 || total
---------------------------+-------+-------++-------
  Melee: Unarmed           |    18 |    37 ||    55
         Tailslap          |     4 |     8 ||    12
   Cast: Freeze            |    48 |    22 ||    70
         Magic Dart        |    20 |    62 ||    82
    Use: Scroll            |     3 |     3 ||     6
 Armour: Skin              |    13 |     6 ||    19
  Dodge: Dodged            |    33 |    28 ||    61

Table legend: (Time is in decaauts)
 A = Elapsed time spent in this place.
 B = Non-inter-level travel time spent in this place.
 C = Inter-level travel time spent in this place.
 D = Time resting spent in this place.
 E = Time spent auto-exploring this place.
 F = Levels seen in this place.
 G = Mean time per level.
                   A        B        C        D        E       F      G
               +--------+--------+--------+--------+--------+-----+--------+
         Total |   3432 |   3340 |     92 |      0 |   2886 |   3 | 1144.0 |
       Dungeon |   3432 |   3340 |     92 |      0 |   2886 |   3 | 1144.0 |
               +--------+--------+--------+--------+--------+-----+--------+

Top non-repeatable levels by time:
     D:2: 1629 daAuts
     D:1: 1188 daAuts
     D:3: 614 daAuts
